AoeStats
← Hypno

Nomad

507393363Analyzed
4v4 RM · 15d ago on Sep 18, 2026· 59m 15s· 8 players
Game mode
Random Map
Map size
231×231
Population
200
Speed
Normal
Resources
Standard
Victory
Conquest
Starting age
Dark Age
Ending age
Imperial Age
RankedLock teamsTeams togetherTeam positionsShared explorationLock speedFull tech treeHidden civsTurbo modeCheats
Victory
Defeat
🇺🇸 Inca · United States
1643
+9
🇺🇸 Khitans · United States
1565
+12
🇺🇸 Italians · United States
1486
+16
🇺🇸 Maya · United States
1415
+19
🇵🇪 Franks · Peru
1577
-18
🇲🇽 Poles · Mexico
1567
-17
🇲🇽 Byzantines · Mexico
1407
-11
🇲🇽 Turks · Mexico
1375
-10
Hypno
5:03 Loom
13:57 Feudal Age
19:02 Castle Age
16:56 Horse Collar
17:01 Double-Bit Axe
18:27 Double-Bit Axe
23:06 Heavy Plow
23:16 Bow Saw
24:15 Szlachta Privileges
25:18 Scale Barding Armor
26:21 Chain Barding Armor
26:05 Gold Mining
26:58 Bloodlines
27:49 Husbandry
29:20 Forging
33:06 Scale Mail Armor
38:04 Imperial Age
42:21 Fletching
42:56 Ballistics
43:36 Chemistry
The_ Rock
3:58 Loom
14:51 Feudal Age
16:12 Fletching
19:24 Castle Age
20:02 Bodkin Arrow
23:38 Demolition Ship
24:20 Double-Bit Axe
27:29 Medium Warships
29:29 Horse Collar
32:35 Wheelbarrow
33:19 Bow Saw
34:05 Crossbowman
34:47 Padded Archer Armor
35:58 Leather Archer Armor
36:34 Thumb Ring
39:02 Imperial Age
37:52 Ballistics
39:26 Gold Mining
39:14 Arbalester
39:55 Bracer
41:17 Ring Archer Armor
40:14 Elite Skirmisher
41:23 Conscription
42:31 Chemistry
HD_JAGUAR
5:16 Loom
13:45 Feudal Age
18:52 Castle Age
17:11 Double-Bit Axe
20:56 Fletching
25:27 Padded Archer Armor
29:26 Leather Archer Armor
30:06 Horse Collar
33:16 Bodkin Arrow
35:30 Ballistics
36:29 Wheelbarrow
37:57 Heavy Plow
38:18 Hand Cart
38:44 Town Watch
41:59 Imperial Age
40:56 Bow Saw
40:49 Town Patrol
41:07 Gold Mining
41:08 Stone Mining
42:21 Bloodlines
42:12 Husbandry
42:20 Scale Barding Armor
44:06 Chain Barding Armor
43:57 Forging
45:52 Conscription
46:32 Bracer
47:03 Ring Archer Armor
47:23 Elite Janissary
50:20 Bombard Tower
51:56 Cavalier
53:17 Plate Barding Armor
53:18 Iron Casting
54:05 Heavy Scorpion
JAKU
4:56 Loom
13:24 Feudal Age
17:49 Castle Age
16:46 Stone Mining
17:03 Gold Mining
18:20 Double-Bit Axe
20:10 Bow Saw
21:04 Fishing Lines
21:13 Fishing Lines
24:13 Fletching
28:07 Gillnets
32:21 Wheelbarrow
35:45 Imperial Age
33:46 Town Watch
36:26 Forging
36:22 Scale Barding Armor
37:53 Iron Casting
38:14 Chain Barding Armor
38:40 Conscription
40:26 Blast Furnace
40:17 Husbandry
41:28 Cavalier
44:52 Plate Barding Armor
45:53 Scale Mail Armor
45:15 Pikeman
45:55 Squires
46:58 Hand Cart
46:59 Chain Mail Armor
46:36 Halberdier
48:13 Plate Mail Armor
50:12 Coinage
50:39 Gold Shaft Mining
50:51 Town Patrol
51:24 Bodkin Arrow
51:23 Paladin
52:02 Light Cavalry
56:44 Chivalry
Kyrisser
4:07 Loom
13:22 Feudal Age
14:17 Double-Bit Axe
17:11 Castle Age
17:12 Domestication
19:16 Wheelbarrow
18:56 Bow Saw
19:11 Pastoralism
19:26 Town Watch
38:33 Forging
42:21 Imperial Age
40:08 Scale Barding Armor
40:45 Husbandry
41:28 Iron Casting
41:26 Gold Mining
42:27 Chain Barding Armor
43:29 Heavy Camel Rider
48:16 Light Cavalry
49:50 Elite Liao Dao
50:32 Scale Mail Armor
52:44 Chain Mail Armor
57:03 Ballistics
57:38 Conscription
57:50 Plate Mail Armor
RyskiNinja
5:14 Loom
12:49 Feudal Age
14:04 Town Watch
16:38 Castle Age
14:46 Double-Bit Axe
17:07 Forging
16:50 Fishing Lines
17:11 Gold Mining
17:58 Medium Warships
18:02 Bow Saw
19:51 Wheelbarrow
19:37 Gillnets
23:18 Fletching
23:47 Stone Mining
24:33 Gold Shaft Mining
24:45 Bodkin Arrow
24:34 Horse Collar
27:05 Stone Shaft Mining
27:08 Horse Collar
27:49 Heavy Plow
28:29 Scale Mail Armor
32:18 Imperial Age
30:53 Hand Cart
31:20 Chain Mail Armor
30:26 Pikeman
31:32 Ballistics
31:29 Squires
33:31 Andean Sling
33:34 Padded Archer Armor
34:49 Hoardings
35:09 Conscription
35:22 Plate Mail Armor
35:38 Arson
37:12 Chemistry
37:42 Crop Rotation
37:51 Murder Holes
38:08 Masonry
37:49 Guard Tower
39:20 Fabric Shields
39:44 Elite Kamayuk
42:01 Iron Casting
41:42 Arrowslits
41:37 Treadmill Crane
43:45 Blast Furnace
42:46 Bracer
43:25 Champi Runner
45:34 Coinage
45:50 Leather Archer Armor
46:04 Siege Engineers
47:01 Banking
48:36 Keep
48:01 Champi Warrior
50:06 Ring Archer Armor
49:44 Caravan
55:02 Guilds
54:59 Elite Champi Warrior
benji
9:51 Loom
12:20 Feudal Age
11:41 Loom
16:38 Castle Age
15:08 Double-Bit Axe
15:45 Fishing Lines
18:07 Loom
18:38 Bow Saw
20:02 Fletching
23:51 Bodkin Arrow
26:38 Ballistics
26:59 Town Watch
29:20 Wheelbarrow
31:12 Hand Cart
36:38 Imperial Age
34:26 Padded Archer Armor
35:34 Leather Archer Armor
35:41 Gold Mining
37:22 Bracer
39:01 Chemistry
39:27 Conscription
40:34 Elite Plumed Archer
42:46 Ring Archer Armor
42:16 Hul'che Javelineers
49:17 Caravan
49:47 Coinage
50:03 Squires
54:19 Thumb Ring
56:18 Hoardings
56:44 Banking
59:43 Two-Man Saw
58:23 Horse Collar
Ryblade
5:02 Loom
12:29 Feudal Age
17:13 Castle Age
16:55 Double-Bit Axe
18:23 Medium Warships
19:27 Fletching
21:20 Wheelbarrow
21:07 Bow Saw
23:23 Town Watch
27:08 Hand Cart
29:50 Padded Archer Armor
30:41 Gold Mining
32:10 Elite Skirmisher
35:45 Bodkin Arrow
38:14 Leather Archer Armor
39:29 Horse Collar
43:46 Thumb Ring
48:36 Imperial Age
48:52 Ballistics
50:35 Chemistry
49:40 Bracer
52:05 Conscription
54:17 Elite Genoese Crossbowman
Connection lost

Rejoining the realm…

Still unreachable

The connection could not be restored.

Session expired

The server has moved on; the page needs a fresh start.